 Dungeon Crawl Stone Soup version 0.19.0-18-g426998a (webtiles) character file.

1199 dobroeutro the Cleaver (level 8, -2/64 HPs)
             Began as a Minotaur Berserker on Nov 11, 2016.
             Was an Elder of Trog.
             Slain by a wight
             ... wielding a cursed +3 morningstar
              (11 damage)
             ... on level 6 of the Dungeon.
             The game lasted 00:05:22 (3545 turns).

dobroeutro the Cleaver (Minotaur Berserker)         Turns: 3545, Time: 00:05:23

Health: -2/64      AC:  7    Str: 24    XL:     8   Next: 20%
Magic:  7/7        EV: 16    Int:  3    God:    Trog [****..]
Gold:   338        SH:  0    Dex: 16    Spells: 0 memorised, 7 levels left

rFire  + . .     SeeInvis .     a - +0 hand axe
rCold  x . .     Gourm    .     s - +0 scale mail
rNeg   . . .     Faith    .     (no shield)
rPois  .         Spirit   .     (helmet unavailable)
rElec  .         Reflect  .     e - +0 cloak
rCorr  .         Harm     .     (no gloves)
MR     .....     Rnd*Tele +     (no boots)
Stlth  +.........               (no amulet)
                                b - ring of teleportation
                                t - ring of fire

@: agile, exhausted, about to teleport, slowed, drained, very slow
A: retaliatory headbutt, hooves 1, horns 3, dopey 1, strong 1, evolution 1
a: Berserk, Trog's Hand, Brothers in Arms, Burn Spellbooks, Renounce Religion


You were on level 6 of the Dungeon.
You worshipped Trog.
Trog was greatly pleased with you.
You were hungry.

You visited 1 branch of the dungeon, and saw 6 of its levels.

You collected 338 gold pieces.

Inventory:

Hand Weapons
 a - a +0 hand axe (weapon)
Armour
 e - a +0 cloak (worn)
 s - a +0 scale mail (worn)
Jewellery
 b - a ring of teleportation (right hand)
 t - a ring of fire (left hand)
 C - an uncursed amulet of faith {unknown}
 D - an uncursed ring of flight
Wands
 G - a wand of lightning (11/15)
Scrolls
 d - a scroll of teleportation
 g - a scroll of identify
 k - a scroll of magic mapping
 m - a scroll of noise {unknown}
 n - 11 scrolls of remove curse
 o - a scroll of amnesia {unknown}
 p - a scroll of fog {unknown}
 v - 2 scrolls of fear
 y - a scroll of recharging {unknown}
 z - a scroll of random uselessness {unknown}
 F - a scroll of enchant armour {unknown}
 H - a scroll of enchant weapon {unknown}
Potions
 f - 2 potions of brilliance {unknown}
 j - a potion of flight {unknown}
 l - 3 potions of agility
 w - a potion of lignification {unknown}
 x - a potion of ambrosia
 A - a potion of degeneration {unknown}
 B - a potion of heal wounds {unknown}
 E - a potion of berserk rage {unknown}
Books
 I - a book of Conjurations

   Spells                             Type                      Level
   a - Magic Dart                     Conjuration                  1
   b - Searing Ray                    Conjuration                  2
   c - Dazzling Spray                 Conjuration/Hexes            3
   d - Fulminant Prism                Conjuration/Hexes            4
   e - Iskenderun's Mystic Blast      Conjuration                  4
   f - Iskenderun's Battlesphere      Conjuration/Charms           5
   Trog disapproves of the use of such an item.
Comestibles
 c - 4 bread rations
 h - a slice of pizza
 q - 4 meat rations
 r - a beef jerky
 u - 3 fruits
 K - 2 chunks of flesh


   Skills:
 - Level 3.6(3.0) Fighting
 + Level 12.0(11.3) Axes
 - Level 2.4(1.8) Armour
 - Level 2.1(1.6) Dodging


You had 7 spell levels left.
You didn't know any spells.

Dungeon Overview and Level Annotations

Branches:
Dungeon (6/15)
 Temple: D:4-7

Altars:
Cheibriados
Gozag
Sif Muna
Xom
The Shining One

Shops:
D:5 *


Innate Abilities, Weirdness & Mutations

You reflexively headbutt those who attack you in melee.
You have a pair of large horns on your head.
You have large cloven feet.
You are dopey. (Int -2)
Your muscles are strong. (Str +2)
You evolve.


Message History

The crimson imp blinks!
As you read the scroll labeled PESEHITIWA, it crumbles to dust.
You feel as if something is helping you.
It was a scroll of remove curse.
The wight hits you from afar with a spear.
* * * LOW HITPOINT WARNING * * *
You feel drained. The wight barely misses you. You furiously retaliate!
You headbutt the wight.
Okay, then.
You feel better. The wight closely misses you.
The wight hits you from afar with a trident.
* * * LOW HITPOINT WARNING * * *
The wight closely misses you. The wight barely misses you.
The wight hits you but does no damage. The wight barely misses you.
Unknown command.
Okay, then.
As you read the scroll labeled ILE QEAJIO, it crumbles to dust.
You feel strangely unstable.
It was a scroll of teleportation.
The wight hits you with an enchanted morningstar!
You die...

,,,**** ##........##
**,,,,* #........$.#
****,* #......(...#
*,** #......(...# *,,*
#.....)....# **,**
#..........# ***
*,,**##........##
,,*****,,,*##.z....##
*,,,,,***,###§##@###
*****,***....zzzz.##
*,,>,.....#.#..##
*##***,,.....5..#(.#
##..,,,,*####.#.###.##
...****** #.#..#...#
.###*** #,##.÷÷..#
#...,,** **##.####..(#
....,,,***,..........#


You could see 5 wights and a crimson imp.

Vanquished Creatures
  An ice beast (D:6)
  A black bear (D:6)
  A sky beast (D:6)
  2 ogres (D:6)
  A scorpion (D:5)
  A howler monkey (D:5)
  A bullfrog skeleton (D:5)
  An orc priest (D:5)
  4 hounds
  5 orc wizards
  An iguana (D:4)
  6 worker ants
  A worker ant zombie (D:5)
  3 adders
  An ooze (D:5)
  4 worms
  A dart slug (D:1)
  A leopard gecko (D:1)
  32 orcs
  2 ball pythons
  4 giant cockroaches
  8 goblins
  7 hobgoblins
  6 jackals
  3 kobolds
  2 quokkas
  3 bats
  4 frilled lizards
  5 rats
112 creatures vanquished.

Notes
Turn   | Place    | Note
-------+----------+-------------------------------------------
     0 | D:1      | dobroeutro the Minotaur Berserker began the quest for the Orb.
     0 | D:1      | Reached XP level 1. HP: 19/19 MP: 0/0
    89 | D:1      | Reached skill level 4 in Axes
    94 | D:1      | Reached XP level 2. HP: 26/26 MP: 1/1
   262 | D:1      | Reached skill level 5 in Axes
   503 | D:1      | Reached ** piety under Trog
   503 | D:1      | Reached XP level 3. HP: 31/31 MP: 2/2
  1247 | D:3      | Reached XP level 4. HP: 24/39 MP: 3/3
  1307 | D:3      | Reached skill level 6 in Axes
  1839 | D:4      | Reached *** piety under Trog
  1878 | D:4      | Found a deep blue altar of Sif Muna.
  1882 | D:4      | Found an opulent altar of Gozag.
  1882 | D:4      | Found a snail-covered altar of Cheibriados.
  1905 | D:4      | Found a shimmering altar of Xom.
  1905 | D:4      | Found a glowing golden altar of the Shining One.
  2022 | D:4      | Reached skill level 7 in Axes
  2022 | D:4      | Reached XP level 5. HP: 45/45 MP: 4/4
  2259 | D:4      | Reached skill level 8 in Axes
  2259 | D:4      | Reached XP level 6. HP: 24/51 MP: 5/5
  2505 | D:5      | Entered Level 5 of the Dungeon
  2645 | D:5      | Reached skill level 9 in Axes
  2990 | D:5      | Reached XP level 7. HP: 45/57 MP: 6/6
  3082 | D:5      | Reached skill level 10 in Axes
  3376 | D:5      | Found Himufrasm's Elemental Accessories.
  3452 | D:6      | Reached skill level 11 in Axes
  3460 | D:6      | Gained mutation: You have a pair of large horns on your head. [mutagenic meat]
  3461 | D:6      | Gained mutation: You are dopey. (Int -2) [mutagenic meat]
  3462 | D:6      | Gained mutation: You have large cloven feet. [mutagenic meat]
  3477 | D:6      | Reached XP level 8. HP: 24/64 MP: 7/7
  3485 | D:6      | Gained mutation: You evolve. [mutagenic meat]
  3486 | D:6      | Gained mutation: Your muscles are strong. (Str +2) [mutagenic meat]
  3527 | D:6      | Reached **** piety under Trog
  3527 | D:6      | Reached skill level 12 in Axes
  3543 | D:6      | HP: 3/64 [wight/spear (3)]
  3545 | D:6      | Slain by a wight

Skill      XL: |  1  2  3  4  5  6  7  8 |
---------------+-------------------------+-----
Axes           | 4 5 7 8 9 11 12 | 12.0
Fighting       | |  3.6
Armour         | |  2.4
Dodging        | |  2.1

Action                   |  1- 3 |  4- 6 |  7- 9 || total
-------------------------+-------+-------+-------++-------
Melee: Hand axe          |    99 |   145 |    74 ||   318
       Headbutt          |    11 |    29 |    13 ||    53
       Kick              |       |       |     6 ||     6
Invok: Burn Spellbooks   |       |     1 |       ||     1
       Berserk           |       |       |     1 ||     1
  Use: Scroll            |       |       |     5 ||     5
       Potion            |       |       |     5 ||     5
 Stab: Sleeping          |     1 |       |       ||     1
  Eat: Chunk             |     1 |     5 |     9 ||    15
Armor: Animal skin       |    11 |       |       ||    11
       Scale mail        |    15 |    42 |    42 ||    99
Dodge: Dodged            |    50 |    79 |    63 ||   192
